 Dungeon Sprint DCSS version 0.29-a0-187-ga23d9638d5 (webtiles) character file.

Game seed: 14008725860307106185

24 cyrus the Skirmisher (level 4, -10/45 HPs)
             Began as a Hill Orc Fighter on Feb 21, 2022.
             Was a Believer of Beogh.
             Mangled by an ice devil (22 damage)
             ... in the Dungeon (Sprint VI: "Thunderdome").
             The game lasted 00:02:20 (333 turns).

cyrus the Skirmisher (Hill Orc Fighter)              Turns: 333, Time: 00:02:21

Health: -10/45     AC:  7    Str: 18    XL:     4   Next: 71%
Magic:  4/4        EV:  9    Int: 10    God:    Beogh [**....]
Gold:   240        SH:  5    Dex: 10    Spells: 3/3 levels left

rFire   . . .      SeeInvis .   a - +0 war axe
rCold   . . .      Faith    .   c - +0 buckler
rNeg    . . .      Spirit   .   b - +0 scale mail
rPois   .          Reflect  .   (no helmet)
rElec   .          Harm     .   (no cloak)
rCorr   .          Rampage  .   (no gloves)
Will    .....      NoTele   +   (no boots)
Stlth   ..........              (no amulet)
HPRegen 0.15/turn               (no ring)
MPRegen 0.09/turn               (no ring)

@: no status effects
A: no striking features
a: Renounce Religion, Smiting


You were in the Dungeon.
You worshipped Beogh.
Beogh was pleased with you.
You visited 1 branch You collected 240 gold pieces.

Inventory:

Hand Weapons
 a - a +0 war axe (weapon)
Armour
 b - a +0 scale mail (worn)
 c - a +0 buckler (worn)
Wands
 k - a wand of acid (5)
 l - a wand of iceblast (5)
Scrolls
 j - 4 scrolls of blinking
 m - 2 scrolls of fog
Potions
 f - a potion of heal wounds
 g - 4 potions of haste
 h - 2 potions of magic
 i - 2 potions of resistance


   Skills:
 + Level 6.6 Fighting
 + Level 5.6 Axes
 + Level 5.9 Armour
 + Level 0.2 Dodging
 + Level 6.0 Shields


You had 3 spell levels left.
You didn't know any spells.
Your spell library was empty.

Dungeon Overview and Level Annotations

Branches:
Dungeon (1/1)

Altars:
Cheibriados
Gozag
Kikubaaqudgha
Makhleb
Okawaru
Qazlal
Ru
Sif Muna
Trog
Uskayaw
Vehumet
Wu Jian
Xom
Yredelemnul
Zin
The Shining One
Beogh
Lugonu

Shops:
D *[?**[(!!!!


Message History

You start resting.
Time's up!
The arena falls silent.
You lost your score multiplier.
You now have 24 arena points (gained 12).
You now have 240 gold pieces (gained 20).
You start resting.
Get ready!
You start resting.
ROUND 3!
FIGHT!
You sense a tension in the south.
An ice devil comes into view.
An ice devil is nearby!
An ice devil is nearby!
An ice devil is nearby!
You feel much better. You block the ice devil's attack.
As you read the scroll of fog, it crumbles to dust.
The scroll dissolves into smoke.
The ice devil completely misses you.
You hit the ice devil.
The ice devil is lightly wounded.
The ice devil hits you but does no damage.
You slash the ice devil!
The ice devil is moderately wounded.
You block the ice devil's attack. The ice devil closely misses you.
You hit the ice devil.
The ice devil is moderately wounded.
The ice devil closely misses you.
You closely miss the ice devil.
The ice devil is moderately wounded.
The ice devil hits you! The ice devil freezes you!
You slash the ice devil!
The ice devil is heavily wounded.
The ice devil closely misses you.
You hit the ice devil.
The ice devil is severely wounded.
The ice devil hits you!
* * * LOW HITPOINT WARNING * * *
The ice devil freezes you!!
You die...

.........# #...###.†........⌠#
.........# #.<.# #..........⌠#
.........###...###..........⌠#
............###...†.........##
#∩........8.# #.8........∩###
##∩_._......###§.....___∩##
######.8.......§§8.######
#⌠......§§4§.⌠#
###.....§§@§### #_....§§§§#
#_....§§§§# #_......._#
#∩.......∩# ##∩.....∩##
##.....## ##⌠⌠⌠#


You could see an ice devil.

Vanquished Creatures
  A scorpion (D)
  A jelly (D)
  A worm (D)
  4 endoplasms (D)
  3 giant cockroaches (D)
10 creatures vanquished.

Notes
Turn   | Place    | Note
-------+----------+-------------------------------------------
     0 | D        | cyrus the Hill Orc Fighter began the quest for the Orb.
     0 | D        | Reached XP level 1. HP: 19/19 MP: 1/1
     0 | D        | Found an ancient bone altar of Kikubaaqudgha.
     0 | D        | Found a glowing golden altar of the Shining One.
     1 | D        | Found a glowing silver altar of Zin.
     1 | D        | Found an ornate altar of the Wu Jian Council.
     2 | D        | Found a roughly hewn altar of Beogh.
     2 | D        | Found a shimmering altar of Xom.
     3 | D        | Found Hakahom's Do-It-Yourself Clinic.
     3 | D        | Found a hide-covered altar of Uskayaw.
     3 | D        | Found a stormy altar of Qazlal.
     3 | D        | Found a snail-covered altar of Cheibriados.
     3 | D        | Found Gutaseol's Distillery.
     4 | D        | Found Fuerph's Bottled Wisdom.
     4 | D        | Found Ohut's Weapon Rack.
     4 | D        | Found Maydda's Distillery.
     5 | D        | Round 1.
    10 | D        | Became a worshipper of Beogh the Brigand
    20 | D        | Found a bloodstained altar of Trog.
    43 | D        | Reached * piety under Beogh
    51 | D        | Found a sacrificial altar of Ru.
    51 | D        | Found an opulent altar of Gozag.
    51 | D        | Found a corrupted altar of Lugonu.
    51 | D        | Found Ugomm's Premium Goods.
    52 | D        | Found Verphoq's Basic Armour.
    52 | D        | Found Mahish's Miscellaneous Merchandise.
    57 | D        | Found a radiant altar of Vehumet.
    59 | D        | Found an iron altar of Okawaru.
    62 | D        | Found Ovyjin's Identification Station.
    63 | D        | Found Jujisacy's Advanced Armour.
    63 | D        | Found Suig's Jewellery.
    64 | D        | Found a burning altar of Makhleb.
    64 | D        | Found a basalt altar of Yredelemnul.
   102 | D        | Noticed a jelly
   113 | D        | Killed a jelly
   114 | D        | Reached skill level 5 in Fighting
   114 | D        | Reached XP level 2. HP: 29/29 MP: 2/2
   114 | D        | Reached XP level 3. HP: 36/36 MP: 3/3
   132 | D        | Found a shimmering blue altar of Sif Muna.
   138 | D        | Arena points: 12 (+12) [x2]
   139 | D        | Reached skill level 5 in Armour
   201 | D        | Round 2.
   212 | D        | Reached skill level 5 in Shields
   223 | D        | Reached ** piety under Beogh
   236 | D        | Noticed a scorpion
   248 | D        | Killed a scorpion
   249 | D        | Reached skill level 5 in Axes
   249 | D        | Reached XP level 4. HP: 7/45 MP: 4/4
   305 | D        | Arena points: 24 (+12) [x1]
   320 | D        | Round 3.
   321 | D        | Noticed an ice devil
   333 | D        | Mangled by an ice devil

Illustrated notes

Levels and vault maps discovered:
D:        arena_sprint

Skill      XL: |  1  2  3 |
---------------+----------+-----
Fighting       | 5 6 |  6.6
Axes           | 3 5 |  5.6
Armour         | 4 5 |  5.9
Shields        | 4 6 |  6.0
Dodging        | |  0.2

Action                   |  1- 3 |  4- 6 || total
-------------------------+-------+-------++-------
Melee: War axe           |    26 |     9 ||    35
  Use: Potion            |     4 |     2 ||     6
       Scroll            |       |     1 ||     1
Armor: Scale mail        |    11 |     2 ||    13
Dodge: Dodged            |     4 |     7 ||    11
Block: Buckler           |     8 |     2 ||    10

Table legend: (Time is in decaauts)
 A = Elapsed time spent in this place.
 B = Non-inter-level travel time spent in this place.
 C = Inter-level travel time spent in this place.
 D = Time resting spent in this place.
 E = Time spent auto-exploring this place.
 F = Levels seen in this place.
 G = Mean time per level.
                   A        B        C        D        E       F      G
               +--------+--------+--------+--------+--------+-----+--------+
         Total |    353 |    333 |     20 |    140 |      2 |   1 |  353.0 |
       Dungeon |    353 |    333 |     20 |    140 |      2 |   1 |  353.0 |
               +--------+--------+--------+--------+--------+-----+--------+

Top non-repeatable levels by time:
       D: 353 daAuts
